 Dungeon Crawl Stone Soup version 0.31.0-1-g2c135a008e (webtiles) character file.

Game seed: 4832042930671300227

28 GreatBamboolord the Digger (level 3, 0/19 HPs)
             Began as a Gargoyle Earth Elementalist on Jan 20, 2024.
             Slain by a hobgoblin (4 damage)
             ... led by Robin
             ... on level 2 of the Dungeon.
             The game lasted 00:01:57 (849 turns).

GreatBamboolord the Digger (GrEE)                    Turns: 849, Time: 00:01:57

Health: 0/19       AC:  6    Str: 11    XL:     3   Next: 14%
Magic:  0/6        EV: 12    Int: 17    God:
Gold:   31         SH:  0    Dex: 10    Spells: 5/6 levels left

rFire   . . .        j - +0 short sword
rCold   . . .        (no shield)
rNeg    + . .        a - +0 robe
rPois   ∞            h - +0 helmet
rElec   +            (no cloak)
rCorr   .            (no gloves)
SInv    .            (no boots)
Will    .....        i - amulet of the acrobat
Stlth   ++           l - ring of flight
HPRegen 0.23/turn    (no ring)
MPRegen 0.10/turn

%: acrobat
@: brilliant, attractive, flying
A: sickness immunity, AC +3, negative energy resistance 1, electricity
resistance, torment resistance 1, petrification resistance
a: no special abilities


You were on level 2 of the Dungeon.
You visited 1 branch of the dungeon, and saw 2 of its levels.

You collected 31 gold pieces.

Inventory:

Hand Weapons
 j - a +0 short sword (weapon)
Armour
 a - a +0 robe (worn)
 h - a +0 helmet (worn)
 o - the +3 leather armour of Unreason {Fly rElec Int+4}
   (You found it on level 2 of the Dungeon)

   Int+4:     It affects your intelligence (+4).
   rElec:     It insulates you from electricity.
   Fly:       It grants you flight.
Jewellery
 c - a ring of ice
 i - an amulet of the acrobat (around neck)
 l - a ring of flight (left hand)
Scrolls
 d - a scroll of fear {unknown}
 f - 2 scrolls of identify {unknown}
 g - 2 scrolls of amnesia
 n - a scroll of immolation {unknown}
Potions
 b - a potion of magic
 m - a potion of curing {unknown}


   Skills:
 + Level 1.9 Dodging
 + Level 2.6 Stealth
 + Level 2.2 Spellcasting
 + Level 1.6 Conjurations
 + Level 4.0 Earth Magic


You had 5 spell levels left.
You knew the following spells:

 Your Spells              Type           Power      Damage    Failure   Level
a - Sandblast             Erth           46%        2d11      3%          1

Your spell library contained the following spells:

 Spells                   Type           Power      Damage    Failure   Level
 Passwall                 Erth           23%        N/A       11%         3
 Stone Arrow              Conj/Erth      34%        3d9       19%         3
 Brom's Barrelling Bould  Conj/Erth      17%        2d4       52%         4
 Petrify                  Alch/Erth      13%        N/A       63%         4


Dungeon Overview and Level Annotations

Branches:
Dungeon (2/15)

Altars:

Annotations:
D:2 Robin


Innate Abilities, Weirdness & Mutations

You are immune to sickness and miasma.
Your stone body is resilient. (AC +3)
You are immune to poison.
You resist negative energy. (rN+)
You are resistant to electric shocks. (rElec)
You are resistant to unholy torment.
You are immune to petrification.


Message History

The goblin closely misses you. The goblin attacks as it pursues you!
The goblin misses you. The hobgoblin completely misses you. Robin misses you.
The hobgoblin completely misses you. The hobgoblin barely misses you.
Robin throws the goblin at you!
You hit the goblin.
The goblin is heavily wounded.
The goblin barely misses you. The goblin hits you with a +0 dagger.
Robin throws the goblin at you! The hobgoblin misses you.
The goblin barely misses you.
Aiming: Sandblast (safe; 3% risk of failure)
Press: ? - help, Q - select action Shift-Dir - straight line, f - goblin
Aim: a goblin, wielding a +0 dagger (heavily wounded, 77% to hit)
The blast of sand misses the goblin.
The goblin hits you but does no damage. x2; The hobgoblin barely misses you.
The goblin misses you.
Aiming: Sandblast (safe; 3% risk of failure)
Press: ? - help, Q - select action Shift-Dir - straight line, f/p - goblin
Aim: a goblin, wielding a +0 dagger (heavily wounded, 77% to hit)
The blast of sand hits the goblin!
You kill the goblin!
The goblin barely misses you.
Robin says, "Duck!"
Robin throws the goblin at you!
The hobgoblin hits you but does no damage.
The goblin hits you with a +0 club. The goblin hits you but does no damage.
The goblin hits you with a +0 club. The hobgoblin hits you.
The hobgoblin closely misses you.
It was a potion of attraction.
You feel attractive to monsters. The goblin closely misses you.
The hobgoblin hits you but does no damage.
The goblin hits you but does no damage. The hobgoblin hits you.
* * * LOW HITPOINT WARNING * * *
Unknown command.
It was a potion of brilliance.
You feel clever all of a sudden. The goblin closely misses you.
The hobgoblin closely misses you. The goblin misses you.
The hobgoblin hits you.
You die...

#......#..###..#
#.##..†.....#..#
####.....#........#
.....###....##.#..########
####.# ###........<.......
#.# .<......#.#<######.
#.##.##..####.#.#
#.##.##..####g#g##
#........<..g@gg.#
###...########g..#
#...########g..#
#...##....)..#.#
..####...##.#####.#.####
#.........$.####.#....##.
.............gg##.†........
##..........)#.##..#...#...
#####...##.##g.......## ..


You could see Robin, 3 hobgoblins and 3 goblins.

Vanquished Creatures
  2 ball pythons (D:1)
  5 bats
  3 endoplasms (D:1)
  2 giant cockroaches
  A hobgoblin (D:2)
  A kobold (D:1)
  7 goblins
  2 rats
23 creatures vanquished.

Notes
Turn   | Place    | Note
-------+----------+-------------------------------------------
     0 | D:1      | GreatBamboolord the Gargoyle Earth Elementalist began the
                  | quest for the Orb.
     0 | D:1      | Reached XP level 1. HP: 10/10 MP: 3/3
   209 | D:1      | Reached XP level 2. HP: 14/15 MP: 3/5
   815 | D:2      | Noticed Robin
   821 | D:2      | Reached XP level 3. HP: 13/19 MP: 0/6
   830 | D:2      | Identified the +3 leather armour of Unreason {Fly rElec
                  | Int+4}
   835 | D:2      | Reached skill level 4 in Earth Magic
   849 | D:2      | Slain by a hobgoblin

Illustrated notes

Levels and vault maps discovered:
D:1:      dpeg_arrival_arbitrary_a, layout_basic, minivault_19, corner_web_ring,
          bh_walls_and_bars
D:2:      layout_loops_cross, hex_large, kennysheep_jessica_study, uniq_robin

Skill      XL: |  1  2  3 |
---------------+----------+-----
Earth Magic    | 4 |  4.0
Dodging        | |  1.9
Stealth        | |  2.6
Spellcasting   | |  2.2
Conjurations   | |  1.6

Action                     || total
---------------------------++-------
  Melee: Short sword       ||     5
   Cast: Sandblast         ||    29
    Use: Scroll            ||     1
         Potion            ||     2
 Armour: Robe              ||    34
  Dodge: Dodged            ||    37
